 Dungeon Crawl Stone Soup version 0.21.0-3-g78d12a8 (webtiles) character file.

8635 kae the Carver (level 11, -4/101 HPs)
             Began as a Minotaur Fighter on Jan 8, 2018.
             Was a High Priest of Okawaru.
             Slain by a blink frog (9 damage)
             ... on level 1 of the Lair of Beasts.
             The game lasted 00:10:18 (9494 turns).

kae the Carver (Minotaur Fighter)                   Turns: 9494, Time: 00:10:19

Health: -4/101     AC: 12    Str: 21    XL:     11   Next: 12%
Magic:  13/14      EV: 12    Int:  7    God:    Okawaru [*****.]
Gold:   317        SH:  0    Dex: 11    Spells: 10/10 levels left

rFire    . . .     SeeInvis .   a - +1 long sword
rCold    . . .     Gourm    .   (no shield)
rNeg     + . .     Faith    .   b - +0 scale mail
rPois    .         Spirit   .   (helmet restricted)
rElec    .         Reflect  .   (no cloak)
rCorr    +         Harm     .   l - +1 pair of gloves
MR       .....                  (no boots)
Stlth    +.........             (no amulet)
HPRegen  0.26/turn              y - ring of resist corrosion
MPRegen  0.14/turn              e - ring of positive energy

@: heroism
A: retaliatory headbutt, horns 2
a: Heroism, Finesse, Renounce Religion


You were on level 1 of the Lair of Beasts.
You worshipped Okawaru.
Okawaru was extremely pleased with you.
You were not hungry.

You visited 3 branches of the dungeon, and saw 11 of its levels.

You collected 317 gold pieces.

Inventory:

Hand Weapons
 a - a +1 long sword (weapon)
Armour
 b - a +0 scale mail (worn)
 c - a +0 shield
 l - a +1 pair of gloves (worn)
Jewellery
 d - an uncursed ring of protection from fire
 e - a ring of positive energy (right hand)
 n - an uncursed ring of wizardry
 t - an uncursed amulet of harm
 u - an uncursed ring of protection from fire
 y - a ring of resist corrosion (left hand)
Wands
 q - a wand of disintegration (12)
 v - a wand of acid (9)
 B - a wand of iceblast (5)
Scrolls
 g - 7 scrolls of teleportation
 i - 2 scrolls of immolation
 j - 3 scrolls of amnesia
 k - 5 scrolls of remove curse
 m - 3 scrolls of magic mapping
 w - a scroll of identify
 A - a scroll of torment
Potions
 h - 4 potions of haste
 o - 2 potions of cancellation
 p - 3 potions of curing
 r - a potion of mutation
 s - a potion of might
 z - a potion of flight
 C - a potion of heal wounds
Comestibles
 f - 17 rations


   Skills:
 + Level 10.5(15.5) Fighting
 * Level 13.5(18.5) Long Blades
 + Level 10.3(15.3) Armour
 - Level 3.9(8.9) Shields
 + Level 5.4 Invocations


You had 10 spell levels left.
You didn't know any spells.

Dungeon Overview and Level Annotations

Branches:
Dungeon (9/15)             Temple (1/1) D:4            Lair (1/6) D:9
    Orc: D:9-12

Altars:
Ashenzari
Cheibriados
Dithmenos
Elyvilon
Fedhas
Gozag
Hepliaklqana
Kikubaaqudgha
Makhleb
Nemelex Xobeh
Okawaru
Qazlal
Ru
Sif Muna
Trog
Uskayaw
Vehumet
Wu Jian
Xom
Yredelemnul
Zin
The Shining One


Innate Abilities, Weirdness & Mutations

You reflexively headbutt those who attack you in melee.
You have a pair of horns on your head.


Message History

You slash the hippogriff!
The hippogriff is moderately wounded.
The hippogriff barely misses you.
You riposte.
You slash the hippogriff!
The hippogriff is severely wounded.
The hippogriff pecks you but does no damage.
The hippogriff claws you.
* * * LOW HITPOINT WARNING * * *
The blink frog hits you!
* * * LOW HITPOINT WARNING * * *
You hit the blink frog. Your headbutt misses the blink frog.
The blink frog is moderately wounded.
The blink frog hits you.
* * * LOW HITPOINT WARNING * * *
The hippogriff misses you. The hippogriff pecks you.
* * * LOW HITPOINT WARNING * * *
The hippogriff barely misses you.
You closely miss the blink frog. Your headbutt misses the blink frog.
The blink frog is moderately wounded.
The blink frog hits you!
You die...

F.# # #... .⌠ l.##F ....
## .. ....#F.... .##..
##. ...#..... .... ##.#
......... ....###..#
#.⌠.... ##......#
####†..# .
##.......###.##..##..$
#.#........†@†F††........
.........†.F.H......?[...
.......<...##P####....###
###........#### ##..#
#..####..# ...# #. #...#
.## # #...# .# .#...
.......


You could see a hippogriff and 2 blink frogs.

Vanquished Creatures
  The ghost of Plasmagod the Blocker, a journeyman GrFi of Okawaru (D:9)
  2 two-headed ogres
  Pikel (D:7)
  2 komodo dragons (Lair:1)
  A hornet (D:8)
  Grinder (D:4)
  2 blink frogs (Lair:1)
  2 hippogriffs
  A basilisk (Lair:1)
  Menkaure (D:4)
  The ghost of wazuzu the Magician, an amateur DEFE of Elyvilon (D:3)
  A water moccasin (Lair:1)
  A porcupine (Lair:1)
  An orc warrior (D:6)
  Duvessa (D:4)
  2 ice beasts
  A black bear (D:9)
  4 sky beasts
  6 ogres
  2 phantoms
  4 centaurs
  A crocodile (Lair:1)
  7 bullfrogs
  A gnoll sergeant (D:5)
  Dowan (D:4)
  A scorpion (D:4)
  A water moccasin skeleton (D:9)
  2 howler monkeys (D:4)
  2 electric eels (D:7)
  3 bullfrog zombies
  4 hounds
  3 bullfrog skeletons
  8 orc priests
  3 jellies
  5 orc wizards
  Jessica (D:2)
  2 iguanas
  8 worker ants
  A hound zombie (D:6)
  3 worker ant zombies
  9 gnolls
  11 adders
  2 oozes
  2 adder zombies
  5 adder skeletons
  4 worms
  2 dart slugs
  10 leopard geckos
  26 orcs
  4 bats
  9 giant cockroaches
  9 hobgoblins
  12 jackals
  12 kobolds
  7 quokkas
  2 ball pythons
  8 frilled lizards
  8 goblins
  A leopard gecko zombie (D:4)
  2 quokka zombies
  7 rats
247 creatures vanquished.

Vanquished Creatures (others)
  A slave (D:7)
  A hound (D:7)
  A bullfrog skeleton (D:7)
3 creatures vanquished.

Grand Total: 250 creatures vanquished

Notes
Turn   | Place    | Note
-------+----------+-------------------------------------------
     0 | D:1      | kae the Minotaur Fighter began the quest for the Orb.
     0 | D:1      | Reached XP level 1. HP: 19/19 MP: 0/0
   161 | D:1      | Reached XP level 2. HP: 26/27 MP: 1/1
   332 | D:1      | Reached skill level 3 in Long Blades
   741 | D:1      | Reached XP level 3. HP: 29/33 MP: 2/2
   857 | D:2      | Noticed Jessica
   860 | D:2      | Killed Jessica
   912 | D:2      | Reached XP level 4. HP: 29/40 MP: 3/3
   981 | D:2      | Reached skill level 4 in Long Blades
  1185 | D:2      | Found a shattered altar of Ashenzari.
  1618 | D:3      | Found a hazy altar of Hepliaklqana.
  1679 | D:3      | Found a burning altar of Makhleb.
  1690 | D:3      | Found a glowing golden altar of the Shining One.
  1786 | D:3      | Reached XP level 5. HP: 39/47 MP: 4/4
  1799 | D:3      | Reached skill level 5 in Long Blades
  2216 | D:3      | Noticed wazuzu's ghost (amateur DEFE)
  2396 | D:3      | Killed wazuzu's ghost
  2396 | D:3      | Reached skill level 5 in Fighting
  2396 | D:3      | Reached skill level 5 in Armour
  2396 | D:3      | Reached XP level 6. HP: 39/56 MP: 5/5
  2780 | D:4      | Reached skill level 6 in Long Blades
  2897 | D:4      | Noticed Grinder
  2911 | D:4      | Killed Grinder
  2911 | D:4      | Reached XP level 7. HP: 49/62 MP: 6/6
  2920 | D:4      | Noticed Menkaure
  2933 | D:4      | Killed Menkaure
  2933 | D:4      | Reached skill level 7 in Long Blades
  3080 | D:4      | Reached skill level 8 in Long Blades
  3125 | D:4      | Reached XP level 8. HP: 12/71 MP: 7/7
  3149 | D:4      | HP: 3/71 [poisoned by a scorpion]
  3157 | D:4      | HP: 3/71 [poisoned by a scorpion]
  3353 | D:4      | Found a shimmering altar of Xom.
  3354 | D:4      | Found a shimmering altar of Xom.
  3354 | D:4      | Found a shimmering altar of Xom.
  3355 | D:4      | Found a shimmering altar of Xom.
  3355 | D:4      | Found a shimmering altar of Xom.
  3356 | D:4      | Found a shimmering altar of Xom.
  3357 | D:4      | Found a shimmering altar of Xom.
  3452 | D:4      | Found a staircase to the Ecumenical Temple.
  3459 | Temple   | Entered the Ecumenical Temple
  3512 | Temple   | Became a worshipper of Warmaster Okawaru
  3601 | D:4      | Noticed Duvessa
  3602 | D:4      | Noticed Dowan
  3608 | D:4      | Killed Duvessa
  3617 | D:4      | Killed Dowan
  3854 | D:5      | Entered Level 5 of the Dungeon
  3945 | D:5      | Found a blossoming altar of Fedhas.
  4278 | D:5      | Reached skill level 9 in Long Blades
  5360 | D:6      | Reached * piety under Okawaru
  5372 | D:6      | Reached skill level 10 in Long Blades
  5586 | D:6      | Found an ancient bone altar of Kikubaaqudgha.
  5602 | D:6      | Reached XP level 9. HP: 75/81 MP: 8/8
  5864 | D:6      | Found a sparkling altar of Nemelex Xobeh.
  6162 | D:6      | Reached skill level 1 in Invocations
  6357 | D:7      | Found a basalt altar of Yredelemnul.
  6367 | D:7      | Reached ** piety under Okawaru
  6392 | D:7      | Noticed Pikel
  6403 | D:7      | Killed Pikel
  6403 | D:7      | Reached skill level 11 in Long Blades
  6737 | D:7      | Found a hide-covered altar of Uskayaw.
  7617 | D:8      | Noticed a two-headed ogre
  7640 | D:8      | Killed a two-headed ogre
  7640 | D:8      | Reached *** piety under Okawaru
  7640 | D:8      | Reached XP level 10. HP: 57/91 MP: 8/11
  7647 | D:8      | Reached skill level 12 in Long Blades
  8473 | D:9      | Noticed Plasmagod's ghost (journeyman GrFi)
  8504 | D:9      | Killed Plasmagod's ghost
  8504 | D:9      | Reached **** piety under Okawaru
  8557 | D:9      | Found a staircase to the Lair.
  8583 | D:9      | Noticed a two-headed ogre
  8592 | D:9      | Killed a two-headed ogre
  8592 | D:9      | Reached skill level 10 in Fighting
  8604 | D:9      | Reached skill level 10 in Armour
  8667 | D:9      | Reached skill level 13 in Long Blades
  8678 | D:9      | Found a stormy altar of Qazlal.
  8683 | D:9      | Found an ornate altar of the Wu Jian Council.
  8691 | D:9      | Found a shimmering altar of Xom.
  8875 | D:9      | Reached ***** piety under Okawaru
  8876 | D:9      | Reached skill level 5 in Invocations
  8952 | Lair:1   | Entered Level 1 of the Lair of Beasts
  9462 | Lair:1   | Reached XP level 11. HP: 80/101 MP: 13/13
  9493 | Lair:1   | HP: 5/101 [hippogriff (2)]
  9494 | Lair:1   | Slain by a blink frog

Skill      XL: |  1  2  3  4  5  6  7  8  9 10 |
---------------+-------------------------------+-----
Long Blades    | 3 4 5 6 8 10 11 13 | 13.5
Fighting       | 4 5 6 8 9 10 | 10.5
Armour         | 4 5 6 7 9 10 | 10.3
Invocations    | 3 5 |  5.4
Shields        | |  3.9

Action                   |  1- 3 |  4- 6 |  7- 9 | 10-12 || total
-------------------------+-------+-------+-------+-------++-------
Melee: Long sword        |    67 |   136 |   373 |   180 ||   756
       Headbutt          |    11 |    16 |    69 |    35 ||   131
       Punch             |       |       |     2 |     2 ||     4
Invok: Heroism           |       |       |     6 |     6 ||    12
  Use: Scroll            |     3 |     6 |     6 |     3 ||    18
       Potion            |       |     2 |     4 |       ||     6
  Eat: Chunk             |       |     6 |    15 |     5 ||    26
       Ration            |       |       |       |     1 ||     1
Armor: Scale mail        |    26 |    73 |   148 |    57 ||   304
       Skin              |       |    27 |    14 |       ||    41
Dodge: Dodged            |    28 |    56 |   145 |    89 ||   318
Block: Shield            |    18 |       |       |       ||    18
       Rpst.: Long sword |     5 |    16 |    45 |    23 ||    89
